General information
- name: BNet
- type: Ladder team game (AT/RT)
- host: Battle.net
- saver: Ddddddd
map: Mur'gulOasis
- players: 8
- length: 30:49
- speed: Fast
- version: 1.28 W3XP
- replay type: Public
» download(171 KB)
Players
team 1 (loser)
pInElOtIOn (
teal | 54 APM | 1647 actions | 30:45)
4 Tauren Chieftain
2 Endurance Aura
2 Shockwave
4 Blademaster
2 Critical Strike
2 Wind Walk
2 Shadow Hunter
1 Healing Wave
1 Hex
» actions
| Assign group hotkey | 50 | |
| Basic commands | 117 | |
| Build / train | 80 | |
| Enter build submenu | 24 | |
| Enter hero's abilities submenu | 10 | |
| Give item / drop item | 2 | |
| Remove unit from queue | 5 | |
| Right click | 497 | |
| Select / deselect | 367 | |
| Select group hotkey | 449 | |
| Use ability | 46 | |
1647 total
» units
| Peon | 9 | |
| Grunt | 11 | |
| Troll Headhunter/Berserker | 15 | |
| Kodo Beast | 2 | |
| Shaman | 1 | |
38 total
» upgrades
| Ranged Weapons | 2 | |
| Armor | 3 | |
| Pillage | 1 | |
| Berserker Strength | 1 | |
| Shaman Training | 3 | |
10 total
» buildings
| Altar of Storms | 1 | |
| Orc Burrow | 9 | |
| Barracks | 3 | |
| War Mill | 2 | |
| Voodoo Lounge | 2 | |
| Stronghold | 2 | |
| Beastiary | 1 | |
| Spirit Lodge | 2 | |
| Fortress | 2 | |
24 total
» build order
00:07 Altar of Storms
00:23 Orc Burrow
01:09 Barracks
01:17 War Mill
01:20 Barracks
01:35 Orc Burrow
01:44 Barracks
01:56 Orc Burrow
03:09 Orc Burrow
03:31 Orc Burrow
03:45 Voodoo Lounge
04:33 Voodoo Lounge
07:05 Orc Burrow
07:06 Stronghold
08:35 Stronghold
09:02 War Mill
11:20 Beastiary
11:22 Spirit Lodge
11:24 Orc Burrow
13:01 Fortress
13:14 Orc Burrow
14:04 Spirit Lodge
15:36 Fortress
15:44 Orc Burrow
» items
| Scroll of Town Portal | 2 | |
| Potion of Healing | 2 | |
| Healing Salve | 2 | |
| Scroll of Speed | 1 | |
| Lesser Clarity Potion | 1 | |
| Potion of Mana | 1 | |
9 total

»
derms87 (
pink | 74 APM | 1324 actions | 17:58)
3 Death Knight
2 Death Coil
1 Unholy Aura
2 Lich
1 Frost Nova
1 Frost Armor
» actions
| Assign group hotkey | 19 | |
| Basic commands | 151 | |
| Build / train | 66 | |
| ESC pressed | 5 | |
| Enter build submenu | 13 | |
| Enter hero's abilities submenu | 5 | |
| Right click | 428 | |
| Select / deselect | 256 | |
| Select group hotkey | 307 | |
| Use ability | 74 | |
1324 total
» units
| Acolyte | 6 | |
| Ghoul | 5 | |
| Crypt Fiend | 9 | |
| Obsidian Statue | 5 | |
25 total
» upgrades
| Creature Attack | 2 | |
| Web | 1 | |
| Destroyer Form | 1 | |
| Creature Carapace | 1 | |
5 total
» buildings
| Crypt | 1 | |
| Altar of Darkness | 1 | |
| Ziggurat | 6 | |
| Altar of Storms | 1 | |
| Tomb of Relics | 1 | |
| Graveyard | 1 | |
| Halls of the Dead | 6 | |
| Nerubian Tower | 1 | |
| Slaughterhouse | 1 | |
| Black Citadel | 7 | |
26 total
» build order
00:10 Crypt
00:12 Altar of Darkness
00:34 Ziggurat
00:48 Altar of Storms
01:19 Tomb of Relics
01:30 Ziggurat
02:19 Graveyard
03:02 Halls of the Dead
03:02 Halls of the Dead
03:02 Halls of the Dead
04:44 Ziggurat
05:05 Nerubian Tower
06:34 Slaughterhouse
08:03 Ziggurat
10:54 Black Citadel
10:55 Black Citadel
10:55 Black Citadel
10:55 Black Citadel
14:41 Ziggurat
15:31 Ziggurat
» items
| Rod of Necromancy | 1 | |
| Scroll of Town Portal | 2 | |
| Scroll of Protection | 1 | |
| Potion of Mana | 2 | |
| Potion of Healing | 2 | |
8 total
KEEPOUT (
blue | 48 APM | 1460 actions | 30:41)
5 Blademaster
3 Wind Walk
2 Critical Strike
» actions
| Assign group hotkey | 84 | |
| Basic commands | 156 | |
| Build / train | 63 | |
| Enter build submenu | 33 | |
| Enter hero's abilities submenu | 5 | |
| Give item / drop item | 16 | |
| Right click | 483 | |
| Select / deselect | 330 | |
| Select group hotkey | 173 | |
| Use ability | 117 | |
1460 total
» units
» upgrades
| Armor | 3 | |
| Ranged Weapons | 3 | |
| Reinforced Defenses | 1 | |
| Troll Regeneration | 1 | |
| Spiked Barricades | 2 | |
| Envenomed Spears | 1 | |
11 total
» buildings
| Orc Burrow | 6 | |
| Altar of Storms | 2 | |
| Barracks | 1 | |
| Voodoo Lounge | 2 | |
| Stronghold | 1 | |
| War Mill | 2 | |
| Watch Tower | 15 | |
| Beastiary | 2 | |
| Great Hall | 2 | |
| Fortress | 1 | |
34 total
» build order
00:13 Orc Burrow
00:20 Orc Burrow
00:52 Altar of Storms
01:02 Orc Burrow
01:05 Altar of Storms
01:07 Barracks
01:47 Voodoo Lounge
02:50 Stronghold
04:09 War Mill
04:40 Orc Burrow
05:16 Orc Burrow
05:26 Watch Tower
05:27 Watch Tower
05:29 Watch Tower
05:34 Watch Tower
06:17 Beastiary
06:18 Beastiary
07:16 Orc Burrow
11:19 Great Hall
11:31 Great Hall
11:39 Watch Tower
11:39 Watch Tower
11:42 Watch Tower
11:47 Watch Tower
11:53 Watch Tower
11:54 Watch Tower
11:54 Watch Tower
11:55 Watch Tower
12:01 Voodoo Lounge
12:31 Fortress
14:59 War Mill
15:28 Watch Tower
15:33 Watch Tower
15:36 Watch Tower
» items
| Healing Salve | 9 | |
| Lesser Clarity Potion | 2 | |
| Potion of Healing | 2 | |
| Staff of Teleportation | 1 | |
| Periapt of Vitality | 1 | |
| Orb of Lightning | 1 | |
| Scroll of Town Portal | 1 | |
| Dust of Appearance | 1 | |
18 total
team 2 (winner)
Novamber (
purple | 69 APM | 565 actions | 08:07)
2 Tauren Chieftain
1 War Stomp
1 Endurance Aura
» actions
| Assign group hotkey | 7 | |
| Basic commands | 5 | |
| Build / train | 24 | |
| Enter build submenu | 14 | |
| Enter hero's abilities submenu | 2 | |
| Right click | 297 | |
| Select / deselect | 199 | |
| Select group hotkey | 1 | |
| Use ability | 16 | |
565 total
» units
» upgrades
» buildings
| Altar of Storms | 1 | |
| Orc Burrow | 4 | |
| Barracks | 2 | |
| War Mill | 1 | |
| Stronghold | 1 | |
| Voodoo Lounge | 1 | |
| Watch Tower | 2 | |
12 total
» build order
00:06 Altar of Storms
00:27 Orc Burrow
00:50 Barracks
01:44 Orc Burrow
02:30 War Mill
02:49 Barracks
03:41 Stronghold
04:13 Orc Burrow
04:52 Voodoo Lounge
05:29 Orc Burrow
06:07 Watch Tower
06:12 Watch Tower
imnotblue (
green | 36 APM | 1099 actions | 30:45)
4 Blademaster
2 Wind Walk
2 Critical Strike
» actions
| Assign group hotkey | 2 | |
| Basic commands | 12 | |
| Build / train | 53 | |
| Enter build submenu | 11 | |
| Enter hero's abilities submenu | 4 | |
| Give item / drop item | 5 | |
| Right click | 275 | |
| Select / deselect | 140 | |
| Select group hotkey | 547 | |
| Use ability | 50 | |
1099 total
» units
» upgrades
» buildings
| Altar of Storms | 1 | |
| Orc Burrow | 1 | |
| War Mill | 1 | |
| Voodoo Lounge | 1 | |
| Watch Tower | 7 | |
11 total
» build order
01:57 Altar of Storms
02:04 Orc Burrow
02:15 War Mill
02:54 Voodoo Lounge
03:40 Watch Tower
04:55 Watch Tower
05:19 Watch Tower
05:38 Watch Tower
08:03 Watch Tower
11:19 Watch Tower
12:17 Watch Tower
» items
| Healing Salve | 3 | |
| Lesser Clarity Potion | 10 | |
| Boots of Speed | 4 | |
| Staff of Teleportation | 5 | |
| Potion of Healing | 1 | |
| Scroll of Regeneration | 5 | |
| Potion of Lesser Invulnerability | 1 | |
| Scroll of Healing | 1 | |
| Dust of Appearance | 5 | |
35 total
BETTER-CALL-SAL (
orange | 46 APM | 1411 actions | 30:45)
4 Blademaster
2 Wind Walk
2 Critical Strike
1 Shadow Hunter
1 Hex
» actions
| Assign group hotkey | 20 | |
| Basic commands | 24 | |
| Build / train | 37 | |
| Enter build submenu | 8 | |
| Enter hero's abilities submenu | 5 | |
| Give item / drop item | 3 | |
| Right click | 575 | |
| Select / deselect | 156 | |
| Select group hotkey | 503 | |
| Use ability | 80 | |
1411 total
» units
» buildings
| Altar of Storms | 1 | |
| Orc Burrow | 4 | |
| Voodoo Lounge | 1 | |
| War Mill | 2 | |
| Stronghold | 2 | |
| Beastiary | 2 | |
| Fortress | 5 | |
17 total
» build order
00:07 Altar of Storms
00:19 Orc Burrow
01:07 Voodoo Lounge
01:46 War Mill
02:14 Stronghold
02:14 Stronghold
03:14 War Mill
03:20 Orc Burrow
03:21 Orc Burrow
03:42 Orc Burrow
04:44 Beastiary
04:44 Beastiary
08:34 Fortress
08:34 Fortress
08:34 Fortress
08:35 Fortress
» items
| Healing Salve | 2 | |
| Lesser Clarity Potion | 2 | |
| Staff of Teleportation | 1 | |
| Scroll of Town Portal | 2 | |
| Potion of Lesser Invulnerability | 1 | |
| Boots of Speed | 1 | |
9 total
Ddddddd (
red | 118 APM | 3626 actions | 30:49)
5 Archmage
3 Summon Water Elemental
2 Brilliance Aura
4 Mountain King
2 Storm Bolt
2 Bash
» actions
| Assign group hotkey | 100 | |
| Basic commands | 189 | |
| Build / train | 168 | |
| ESC pressed | 8 | |
| Enter build submenu | 49 | |
| Enter hero's abilities submenu | 10 | |
| Give item / drop item | 1 | |
| Right click | 1105 | |
| Select / deselect | 489 | |
| Select group hotkey | 1260 | |
| Use ability | 247 | |
3626 total
» units
| Peasant | 12 | |
| Footman | 6 | |
| Rifleman | 10 | |
| Priest | 3 | |
| Sorceress | 4 | |
| Spell Breaker | 5 | |
40 total
» upgrades
| Masonry | 3 | |
| Gunpowder | 3 | |
| Armor | 3 | |
| Long Rifles | 1 | |
| Sorceress Training | 2 | |
| Priest Training | 2 | |
| Plating | 3 | |
| Swords | 3 | |
| Control Magic | 1 | |
| Fragmentation Shards | 2 | |
| Magic Sentry | 1 | |
| Animal War Training | 1 | |
| Defend | 1 | |
| Lumber Harvesting | 1 | |
| Barrage | 1 | |
| Flare | 1 | |
| Flak Cannons | 1 | |
30 total
» buildings
| Altar of Kings | 1 | |
| Farm | 14 | |
| Barracks | 1 | |
| Arcane Vault | 2 | |
| Blacksmith | 1 | |
| Lumber Mill | 1 | |
| Keep | 3 | |
| Scout Tower | 20 | |
| Guard Tower | 37 | |
| Castle | 4 | |
| Arcane Sanctum | 2 | |
| Workshop | 1 | |
| Town Hall | 1 | |
88 total
» build order
00:37 Altar of Kings
00:39 Farm
01:07 Barracks
01:09 Farm
01:12 Farm
01:56 Arcane Vault
02:23 Blacksmith
02:36 Lumber Mill
03:29 Keep
03:29 Keep
03:55 Scout Tower
03:56 Scout Tower
04:16 Scout Tower
04:18 Scout Tower
04:44 Guard Tower
04:44 Guard Tower
04:45 Guard Tower
05:21 Farm
05:22 Guard Tower
05:22 Guard Tower
05:22 Guard Tower
05:26 Farm
05:31 Farm
07:06 Farm
07:21 Farm
07:45 Castle
07:46 Castle
07:46 Castle
07:51 Arcane Sanctum
08:29 Scout Tower
08:30 Scout Tower
08:54 Scout Tower
09:20 Guard Tower
09:21 Guard Tower
09:21 Guard Tower
09:21 Guard Tower
09:21 Guard Tower
09:38 Guard Tower
09:38 Guard Tower
10:36 Arcane Sanctum
11:10 Scout Tower
11:11 Scout Tower
11:12 Scout Tower
11:14 Scout Tower
11:42 Scout Tower
11:45 Scout Tower
11:48 Guard Tower
12:09 Farm
12:11 Farm
12:17 Farm
12:21 Guard Tower
12:21 Guard Tower
12:21 Guard Tower
12:47 Workshop
14:46 Scout Tower
14:49 Scout Tower
14:51 Scout Tower
15:31 Guard Tower
15:32 Guard Tower
15:32 Guard Tower
15:45 Guard Tower
15:45 Guard Tower
15:45 Guard Tower
17:25 Farm
19:31 Farm
20:09 Farm
22:37 Arcane Vault
23:27 Town Hall
24:49 Scout Tower
24:50 Scout Tower
24:52 Scout Tower
24:55 Scout Tower
25:19 Guard Tower
25:19 Guard Tower
25:20 Guard Tower
25:21 Guard Tower
» items
| Scroll of Regeneration | 4 | |
| Mechanical Critter | 3 | |
| Potion of Healing | 1 | |
| Boots of Speed | 1 | |
| Circlet of Nobility | 1 | |
| Periapt of Vitality | 1 | |
| Scroll of Town Portal | 1 | |
| Staff of Sanctuary | 1 | |
| Orb of Fire | 1 | |
14 total
Chat log
(00:08 / All) Novamber: WTF
(00:14 / All) pInElOtIOn: saw the name
(00:19 / All) pInElOtIOn: figured as much
(00:23 / All) BETTER-CALL-SAL: stay
(01:52 / Allies) Novamber: what are we gonna do
(01:58 / Allies) Novamber: rush?
(02:00 / Allies) Novamber: we have afk
(02:05 / Allies) BETTER-CALL-SAL: back
(02:08 / Allies) Novamber: wut
(02:12 / Allies) Novamber: what does that mean
(04:35 / Allies) BETTER-CALL-SAL: back
(04:36 / Allies) BETTER-CALL-SAL: pruple
(05:17 / All) KEEPOUT: queer
(05:42 / Allies) BETTER-CALL-SAL: tp
(05:48 / Allies) Ddddddd: omw
(06:46 / Allies) Novamber: hm
(06:53 / Allies) Ddddddd: omw again in a sec
(06:55 / Allies) Novamber: nice units
(07:01 / Allies) Ddddddd: nice base
(16:03 / All) BETTER-CALL-SAL: seriously the game is over and u guys are still trying?
(16:40 / Allies) BETTER-CALL-SAL: tc
(17:36 / Allies) imnotblue: mana
(18:04 / Allies) imnotblue: get mana
(18:14 / All) KEEPOUT: LUMBER OR PERISH
(18:27 / All) BETTER-CALL-SAL: cmon teal give us our win
(18:30 / Allies) imnotblue: expo
(18:32 / All) BETTER-CALL-SAL: we earned it
(18:42 / All) pInElOtIOn: pink and I won 2v4
(18:47 / All) pInElOtIOn: now we get tked
(18:52 / All) BETTER-CALL-SAL: dont be a poor sport
(18:57 / All) Ddddddd: you didn't win
(18:58 / All) KEEPOUT: LUMBER
(18:59 / All) KEEPOUT: KUMBER
(18:59 / All) Ddddddd: I beat you at my base
(19:01 / All) Ddddddd: now we kill you
(19:02 / All) KEEPOUT: LUMBER
(19:03 / All) KEEPOUT: RIGHT NOW
(19:05 / All) Ddddddd: I MADE PINK LEAVE
(19:07 / All) Ddddddd: GIVE ME CREDIT
(19:09 / All) KEEPOUT: OR ILL CRASH THIS GAME WITH NO SURVIVORS!
(19:11 / All) BETTER-CALL-SAL: dont be apoor sport
(19:25 / All) BETTER-CALL-SAL: out, teal
(19:33 / Allies) imnotblue: red pls expo
(20:00 / All) KEEPOUT: LUMBER
(20:01 / All) KEEPOUT: RIGHT NOW
(20:17 / All) KEEPOUT: YOU GOT LUMBER
(20:19 / All) KEEPOUT: NOW HAND IT OVER
(20:20 / All) KEEPOUT: RIGHT NOW
(20:35 / All) KEEPOUT: I GOT TIER 3 ARMOR UPGRADE COMING AND IT AINT CHEAP
(21:21 / Allies) imnotblue: blue expo everywhere
(21:24 / Allies) imnotblue: pls expo
(22:23 / Allies) imnotblue: red pretty pls expo
(22:26 / Allies) Ddddddd: yes I am
(26:04 / Allies) Ddddddd: why you rat me out, green?
(26:10 / Allies) Ddddddd: I ain't a fan of rats
(26:12 / All) KEEPOUT: nice expo you have here
(26:23 / Allies) Ddddddd: rats are the lowest scum you can be
(26:32 / All) Ddddddd: Thanks, blue
(26:34 / All) Ddddddd: I like your expos too
(26:45 / All) Ddddddd: Let's try to keep the gold mining of Mur'gul Oasis peaceful
(26:52 / All) Ddddddd: it's a big tropical paradise, plenty of gold for everyone
(26:54 / All) KEEPOUT: why do I suck balls green?
(27:07 / Allies) Ddddddd: why you rat me out, green?
(27:11 / Allies) Ddddddd: rat fink
(27:11 / All) imnotblue: cant finish fagh
(27:15 / All) imnotblue: ball sucker
(27:22 / All) KEEPOUT: That's mighty rude of you
(27:27 / All) KEEPOUT: Rather disrespectful
(27:31 / All) imnotblue: truth hurts
(27:33 / All) Ddddddd: Green is rude
(27:35 / All) KEEPOUT: Your mama should have rinsed your mouth out with soap more
(27:38 / All) Ddddddd: rat scumbag
(27:38 / All) KEEPOUT: when you were a youngster
(29:51 / All) Ddddddd: unholy aura item on hu rifle/caster is insane
(30:41 / All) Ddddddd: drophack?
(30:45 / All) Ddddddd: drophack